 Dungeon Crawl Stone Soup version 0.31-a0-609-g7bf6ffcfed (webtiles) character file.

Game seed: 11509373401895232240

256 BubbleThief the Ruffian (level 6, -3/43 HPs)
             Began as an Octopode Shapeshifter on Aug 21, 2023.
             Was an Initiate of Elyvilon.
             Slain by an ogre
             ... wielding a +0 giant spiked club
              (23 damage)
             ... on level 4 of the Dungeon.
             The game lasted 00:02:50 (1884 turns).

BubbleThief the Ruffian (Octopode Shapeshifter)     Turns: 1884, Time: 00:02:50

Health: -3/43      AC:  1    Str: 16    XL:     6   Next: 16%
Magic:  6/6        EV: 13    Int: 11    God:    Elyvilon [......]
Gold:   238        SH:  0    Dex: 12    Spells: 5/5 levels left

rFire   . .          .
                       - Unarmed
rCold   . . .        (no shield)
rNeg    + . .        (helmet currently unavailable)
rPois   .            (no amulet)
rElec   .            n - ring of positive energy
rCorr   .            (no ring)
SInv    .            (no ring)
Will    .....        (no ring)
Stlth   ++           (no ring)
HPRegen 0.27/turn    (no ring)
MPRegen 0.10/turn    (no ring)
                     (no ring)

%: no passive effects
@: beast-form
A: beast (slay +2), almost no armour, amphibious, 8 rings, camouflage 1,
gelatinous body 1, (nimble swimmer 1), tentacles
a: Begin Untransformation, Renounce Religion


You were on level 4 of the Dungeon.
You worshipped Elyvilon.
Elyvilon was noncommittal.
You were a hulking beast.
You visited 1 branch of the dungeon, and saw 4 of its levels.

You collected 238 gold pieces.

Inventory:

Missiles
 e - a javelin (quivered)
Jewellery
 n - a ring of positive energy (left tentacle)
 r - a +4 ring of slaying
Talismans
 b - a beast talisman (active)
 c - a flux talisman
Wands
 q - a wand of charming (4)
 t - a wand of roots (9)
Scrolls
 d - a scroll of vulnerability {unknown}
 i - a scroll of immolation {unknown}
 l - 2 scrolls of blinking {unknown}
 o - a scroll of teleportation {unknown}
 s - a scroll of torment {unknown}
Potions
 a - a potion of lignification
 f - a potion of brilliance {unknown}
 g - a potion of berserk rage {unknown}
 h - a potion of cancellation {unknown}
 j - a potion of resistance {unknown}
 k - a potion of curing {unknown}
 m - 2 potions of attraction {unknown}
 p - a potion of invisibility {unknown}


   Skills:
 + Level 4.2 Fighting
 - Level 2.0 Dodging
 + Level 5.1 Unarmed Combat
 - Level 3.0 Shapeshifting


You had 5 spell levels left.
You didn't know any spells.
Your spell library contained the following spells:

 Spells                   Type           Power      Damage    Failure   Level
 Lesser Beckoning         Tloc           0%         N/A       47%         2
 Gell's Gravitas          Tloc           0%         N/A       71%         3
 Teleport Other           Tloc           0%         N/A       71%         3
 Malign Gateway           Summ/Tloc      0%         N/A       100%        7
 Summon Horrible Things   Summ           0%         N/A       100%        8


Dungeon Overview and Level Annotations

Branches:
Dungeon (4/15)             Temple (0/1) D:4

Altars:
Elyvilon
Hepliaklqana
Ru


Innate Abilities, Weirdness & Mutations

You are a hulking beast.
Your limbs bulge with bestial killing power. (Slay +2)
You cannot wear most types of armour.
You are amphibious.
You can wear up to eight rings at the same time.
Your skin changes colour to match your surroundings (Stealth+).
Your rubbery body absorbs attacks. (AC +1, EV +1)
((You are camouflaged when in or above water. (Stealth+)))
You have tentacles for arms and can constrict up to eight enemies at once.


Message History

You now have 238 gold pieces (gained 14).
You see here a +0 giant spiked club.
There is a dry fountain here.
There is an open door here.
t - a wand of roots (9)
Found a staircase to the Ecumenical Temple.
m - 2 dark potions (gained 1)
Found a scroll labelled KOLE GEUSIX.
You see here 7 gold pieces.
An orc wizard and an adder come into view.
A giant cockroach comes into view.
The helpless giant cockroach fails to defend itself.
You tentacle-slap the giant cockroach. You grab the giant cockroach.
You squeeze the giant cockroach, but do no damage.
The giant cockroach is moderately wounded.
You hear the slow hiss of a very distant avalanche of sand.
You constrict the giant cockroach, but do no damage.
The giant cockroach barely misses you.
You tentacle-slap the giant cockroach.
You kill the giant cockroach!
No target in view!
Throw: 2 javelins
Press: ? - help, Q - select action, (/) - cycle Shift-Dir - straight line, f - ogre
Aim: an ogre, wielding a +0 giant spiked club (74% to hit)
You throw a javelin. The javelin pierces through the ogre.
The ogre is lightly wounded.
Unknown command.
You tentacle-slap the ogre.
The ogre is moderately wounded.
The ogre hits you with a +0 giant spiked club!!
Ouch! That really hurt!
You are too injured to fight recklessly!
You are too injured to fight recklessly!
Unknown command.
You are too injured to fight recklessly!
You tentacle-slap the ogre.
The ogre is heavily wounded.
The ogre hits you with a +0 giant spiked club!!
Ouch! That really hurt!
You die...

..#.................#
.......#...8.....8..# #
......?#.O..........# #.
.......#.........#..#
... #................#
#..###..#.....(....#
##.....##.$.....<..##
.#....†..#...........###
........hO#............#
..#.....###...)......#.#
##...####...<....###'##
##.............##.....
#.P..........>#..P⌠PP
#......########...)..
#.P>... ##_._._ #..P..#
#.#P### #..P.. #####


You could see an ogre.

Vanquished Creatures
  An ogre (D:4)
  An orc priest (D:3)
  An orc wizard (D:3)
  4 adders
  2 worms (D:2)
  A dart slug (D:2)
  8 orcs (D:3)
  5 endoplasms (D:2)
  3 giant cockroaches
  9 goblins
  6 hobgoblins
  A quokka (D:1)
  2 ball pythons
  9 bats
  3 frilled lizards
  5 kobolds
  8 rats
69 creatures vanquished.

Notes
Turn   | Place    | Note
-------+----------+-------------------------------------------
     0 | D:1      | BubbleThief the Octopode Shapeshifter began the quest for
                  | the Orb.
     0 | D:1      | Reached XP level 1. HP: 13/13 MP: 1/1
    69 | D:1      | Reached XP level 2. HP: 15/18 MP: 2/2
   463 | D:2      | Reached XP level 3. HP: 20/24 MP: 3/3
   882 | D:2      | Reached skill level 4 in Unarmed Combat
   882 | D:2      | Reached XP level 4. HP: 27/30 MP: 4/4
  1576 | D:3      | Reached XP level 5. HP: 28/36 MP: 5/5
  1829 | D:4      | Noticed an ogre
  1829 | D:4      | Noticed an ogre
  1835 | D:4      | Found a white marble altar of Elyvilon.
  1835 | D:4      | Found a hazy altar of Hepliaklqana.
  1835 | D:4      | Found a sacrificial altar of Ru.
  1841 | D:4      | Became a worshipper of Elyvilon the Healer
  1847 | D:4      | Killed an ogre
  1848 | D:4      | Reached skill level 5 in Unarmed Combat
  1848 | D:4      | Reached XP level 6. HP: 43/43 MP: 6/6
  1863 | D:4      | Found a staircase to the Ecumenical Temple.
  1884 | D:4      | Slain by an ogre

Illustrated notes

Levels and vault maps discovered:
D:1:      tarquinn_simple_flora_water_f, layout_rooms
D:2:      layout_loops_corners, minmay_pentomino_pile
D:3:      layout_loops_ring, mainiacjoe_overflow_surrounded_room,
          dreamdust_ecumenical_altar_grove
D:4:      nicolae_cairo_tiling_large_dashed, layout_rooms,
          gammafunk_temple_overflow_forgotten, nemelex_diamond_rough_becter,
          minmay_temple_entry_overgrown, enter_ossuary_4, st_stairs_1,
          uniq_crazy_yiuf_cottage, uniq_duvessa, uniq_pikel

Skill      XL: |  1  2  3  4  5 |
---------------+----------------+-----
Fighting       | 2 3 4 |  4.2
Unarmed Combat | 4 5 |  5.1
Dodging        | |  2.0
Shapeshifting  | |  3.0

Action                     |  1- 3 |  4- 6 || total
---------------------------+-------+-------++-------
  Melee: Unarmed           |    64 |    76 ||   140
         Constrict         |    16 |    16 ||    32
         Tentacles         |     9 |    11 ||    20
         Punch             |       |     3 ||     3
  Throw: Javelin           |       |     1 ||     1
   Stab: Sleeping          |     1 |     9 ||    10
         Distracted        |       |     1 ||     1
 Armour: Skin              |     8 |     3 ||    11
  Dodge: Dodged            |    32 |    37 ||    69

Table legend: (Time is in decaauts)
 A = Elapsed time spent in this place.
 B = Non-inter-level travel time spent in this place.
 C = Inter-level travel time spent in this place.
 D = Time resting spent in this place.
 E = Time spent auto-exploring this place.
 F = Levels seen in this place.
 G = Mean time per level.
                   A        B        C        D        E       F      G
               +--------+--------+--------+--------+--------+-----+--------+
         Total |   1873 |   1777 |     96 |      4 |   1343 |   4 |  468.2 |
       Dungeon |   1873 |   1777 |     96 |      4 |   1343 |   4 |  468.2 |
               +--------+--------+--------+--------+--------+-----+--------+

Top non-repeatable levels by time:
     D:2: 1025 daAuts
     D:1: 455 daAuts
     D:3: 338 daAuts
     D:4: 54 daAuts
